Map: Korhal Carnage Knockout LE

Players

IIIIIIIIIIII

  • Race: Terran Terran
  • League: Master

Miszu - Winner!

  • Race: Terran Terran
  • League: Master

VOD

Have the link to the VOD?

Description

Time

  • Played on: April 18, 2016, 8:49 a.m.
  • Length: 15:40
Show
View Real Time Build Order
Export as new Build Order

IIIIIIIIIIII Terran 

Build Orders: 1/1/1, Bio Tank 

Get SALT Encoding   

  12  0:00  SCV  
  13  0:13  SCV  
  14  0:17  Supply Depot  
  14  0:25  SCV  
  15  0:30  Refinery  
  15  0:38  SCV  
  16  0:44  Barracks  
  16  0:50  SCV  
  17  0:59  Refinery  
  17  1:03  SCV  
  18  1:15  SCV  
  19  1:31  Orbital Command  
  19  1:33  Factory  
  19  1:39  Reaper  
  20  1:45  Supply Depot  
  20  2:00  SCV  
  21  2:11  Reaper  
  21  2:13  SCV  
  23  2:18  Starport, Hellion  
  25  2:28  Supply Depot, SCV  
  26  2:40  Hellion  
  28  2:46  Barracks Reactor  
  28  2:47  SCV  
  29  2:55  Viking  
  31  3:02  Factory Tech Lab  
  31  3:05  SCV  
  32  3:17  Command Center  
  32  3:27  Siege Tank  
  32  3:41  Marine x2  
  32  3:44  Viking  
  32  3:46  Supply Depot  
  32  3:48  SCV  
  37  3:59  Marine x2  
  39  4:08  Siege Tank, SCV  
  43  4:10  Supply Depot  
  43  4:17  Marine x2  
  43  4:20  Viking  
  47  4:29  SCV  
  48  4:34  Orbital Command  
  48  4:41  SCV  
  48  4:45  Marine x2  
  51  4:47  Siege Tank  
  54  5:01  SCV  
  54  5:14  Marine x2  
  45  5:19  Siege Tank  
  47  5:35  SCV x2  
  41  5:45  Barracks  
  41  5:46  Barracks Tech Lab, Barracks  
  41  5:47  Viking  
  41  5:48  Viking  
  45  5:50  SCV  
  45  5:51  SCV  
  45  5:52  Command Center  
  47  6:06  SCV x2  
  47  6:08  Stimpack  
  48  6:13  Marine  
  48  6:14  Siege Tank  
  48  6:18  SCV x2  
  54  6:20  Viking  
  54  6:23  Viking  
  58  6:31  SCV x2  
  61  6:41  Barracks Reactor x2  
  61  6:43  Refinery, SCV  
  61  6:44  Refinery, SCV  
  61  6:45  Engineering Bay  
  61  6:59  SCV x2  
  61  7:05  Orbital Command  
  61  7:12  Barracks  
  61  7:13  SCV x2  
  61  7:15  Marine, Barracks, Terran Infantry Weapons Level 1  
  63  7:18  Siege Tank  
  63  7:19  Marine x4  
  63  7:22  Medivac  
  73  7:25  SCV x2  
  73  7:26  Supply Depot  
  75  7:35  Medivac  
  75  7:36  SCV  
  78  7:37  SCV  
  78  7:42  Marine x5  
  84  7:48  SCV x2  
  85  7:58  SCV  
  85  8:00  SCV  
  85  8:01  Barracks Reactor  
  85  8:02  Barracks Reactor  
  85  8:05  Marine x4  
  90  8:08  SCV  
  91  8:13  Combat Shields  
  91  8:14  Marine  
  91  8:17  Supply Depot  
  91  8:19  Supply Depot  
  91  8:21  Siege Tank  
  91  8:23  Marine x4  
  72  8:27  Medivac  
  98  8:32  Supply Depot x2, Marine  
  101  8:36  Refinery  
  101  8:38  Medivac  
  101  8:39  Marine x2  
  101  8:40  Marine x2, Sensor Tower  
  101  8:41  Marine x4  
  86  8:57  Marine x4  
  86  8:58  Marine, Siege Tank  
  94  9:07  Marine  
  94  9:08  Marine x3  
  93  9:15  Marine x3  
  95  9:17  SCV x2  
  95  9:18  Marine x2  
  98  9:25  Marine  
  98  9:27  Marine x3  
  98  9:28  Terran Infantry Armor Level 1  
  100  9:32  Medivac x2  
  100  9:33  Marine x2  
  102  9:45  Marine x2  
  101  9:46  Marine  
  101  9:47  Marine  
  101  9:48  Marine x2  
  101  9:57  Marine x3, Orbital Command  
  84  10:03  Marine x2  
  84  10:06  Marine  
  83  10:07  Marine x3  
  83  10:14  SCV x2  
  83  10:16  Marine  
  83  10:19  Marine x2  
  83  10:21  Marine  
  89  10:22  Medivac x2  
  89  10:26  SCV  
  94  10:32  Marine x5  
  99  10:40  Siege Tank  
  99  10:41  Marine x4  
  105  10:48  Factory, Armory  
  105  10:50  SCV x3  
  105  10:52  Engineering Bay  
  105  10:55  Marine x4, Refinery  
  105  10:56  Marine  
  113  11:05  SCV x2  
  111  11:14  Orbital Command  
  83  11:27  Marine x4  
  82  11:36  Marine x4, Factory Tech Lab  
  86  11:43  SCV  
  86  11:44  SCV x2  
  86  11:47  Marine x2  
  88  11:52  Marine x2, Siege Tank  
  95  11:56  Marine  
  95  11:57  Marine x2  
  95  11:58  SCV x2  
  100  12:15  Marine x6  
  104  12:18  Marine  
  104  12:19  Marine  
  108  12:30  Terran Infantry Weapons Level 2  
  108  12:35  Terran Infantry Armor Level 2  
  108  12:47  Marine x6  
  108  12:48  Marine  
  107  13:08  Marine x2  
  107  13:09  Marine x7  
  107  13:11  Siege Tank  
  118  13:26  Marine x4  
  118  13:27  Marine x4  
  98  13:32  Siege Tank  
  86  13:36  Marine  
  87  13:43  Siege Tank  
  87  13:44  Marine  
  87  13:45  Marine x3  
  87  13:46  Marine x4  
  98  13:56  Marine  
  98  14:02  Marine  
  100  14:03  Marine x2  
  100  14:05  Siege Tank  
  100  14:07  Marine x2  
  100  14:08  Marine x3  
  110  14:13  Orbital Command  
  110  14:14  Marine  
  111  14:20  Marine  
  111  14:21  Marine x2  
  107  14:25  Marine x3  
  107  14:29  Marine  
  91  14:54  Marine x2  
  91  14:55  Marine x2  
  91  14:57  Medivac  
  91  14:58  Medivac  
  91  14:59  Siege Tank x2  
  101  15:13  Marine  
  102  15:14  Marine x5  
  102  15:15  Marine  
Show
View Real Time Build Order
Export as new Build Order

Miszu Terran - Winner!

Build Orders: 1/1/1, Bio Tank 

Get SALT Encoding   

  12  0:03  SCV  
  13  0:15  SCV  
  14  0:23  Supply Depot  
  14  0:27  SCV  
  15  0:29  Refinery  
  15  0:45  SCV  
  15  0:49  Barracks  
  16  0:57  SCV  
  17  1:09  Refinery, SCV  
  18  1:21  SCV  
  19  1:38  Factory, Orbital Command  
  20  1:41  Reaper  
  20  1:43  Supply Depot  
  20  2:03  SCV  
  21  2:13  Reaper  
  21  2:14  Supply Depot  
  22  2:15  SCV  
  25  2:23  Hellion  
  25  2:25  Starport  
  24  2:30  SCV  
  25  2:42  SCV  
  28  2:44  Hellion  
  28  2:45  Barracks Tech Lab  
  28  2:50  Supply Depot  
  28  2:54  SCV  
  29  3:06  SCV  
  30  3:13  Raven  
  30  3:16  Supply Depot  
  32  3:21  SCV  
  32  3:24  Hellion  
  32  3:25  Barracks Reactor  
  35  3:41  SCV  
  35  3:50  Command Center  
  35  3:53  SCV  
  36  3:56  Viking  
  38  4:04  Marine x2  
  38  4:05  SCV  
  41  4:11  Supply Depot  
  41  4:17  SCV  
  41  4:21  Factory Tech Lab  
  42  4:29  Barracks Reactor, SCV  
  43  4:34  Siege Tank  
  43  4:35  Viking x2  
  50  4:44  SCV  
  51  4:56  SCV  
  51  4:58  Barracks x2  
  50  5:14  SCV  
  50  5:16  Marine  
  50  5:17  Marine, Siege Tank  
  50  5:18  Orbital Command  
  56  5:26  SCV  
  54  5:44  SCV  
  54  5:45  Viking  
  54  5:46  Medivac  
  54  5:47  Orbital Command  
  54  5:48  Barracks Tech Lab  
  62  5:50  Siege Tank  
  62  5:52  Barracks Tech Lab  
  62  5:56  SCV  
  63  5:57  Marine x2  
  65  6:06  Marine  
  66  6:12  SCV x2  
  66  6:15  Marine  
  66  6:16  Stimpack  
  66  6:18  Marine x2  
  71  6:33  Marine x2  
  71  6:36  Marine x2, Siege Tank  
  78  6:43  Supply Depot  
  78  6:44  Supply Depot  
  78  6:45  Refinery, SCV  
  78  6:46  Refinery  
  79  6:50  Marine  
  79  6:51  Marine  
  77  7:03  Marine x2  
  77  7:05  Combat Shields  
  77  7:06  SCV  
  78  7:08  Marine x2, SCV  
  78  7:14  Siege Tank  
  84  7:18  SCV  
  84  7:20  Marine  
  84  7:21  SCV  
  87  7:23  Marine  
  87  7:25  Medivac  
  87  7:26  Marine x2  
  92  7:30  SCV  
  92  7:31  Medivac  
  92  7:33  SCV  
  92  7:35  Supply Depot  
  96  7:38  Marine  
  96  7:41  Supply Depot  
  96  7:43  SCV  
  98  7:45  SCV  
  98  7:49  Marine x2  
  98  7:50  Marine  
  102  7:56  Marine, Siege Tank  
  108  8:01  Engineering Bay  
  108  8:03  Barracks  
  108  8:05  Barracks  
  106  8:11  Supply Depot  
  106  8:12  Supply Depot  
  105  8:26  Marine x4, Medivac x2  
  113  8:36  Siege Tank  
  116  8:41  Terran Infantry Weapons Level 1  
  116  8:44  Marine x4  
  101  9:02  Marine x4  
  103  9:07  Medivac x2  
  103  9:12  Siege Tank  
  102  9:18  Barracks Reactor  
  102  9:19  Marine  
  102  9:20  Marine x3  
  106  9:25  Marine  
  107  9:37  Marine, Medivac  
  107  9:38  Marine x3  
  113  9:44  Siege Tank  
  114  9:53  Barracks Reactor, Command Center  
  114  9:55  Marine x4  
  114  9:57  SCV  
  93  10:11  Marine x2  
  93  10:13  Marine x4  
  99  10:16  Siege Tank  
  94  10:31  Marine  
  94  10:32  Marine  
  94  10:33  Marine x6  
  97  10:45  Terran Infantry Armor Level 1  
  97  10:49  Marine  
  98  10:50  Marine  
  98  10:51  Marine x6  
  105  10:58  Siege Tank  
  108  11:07  Marine  
  108  11:08  Marine  
  108  11:09  Marine x3, Marauder  
  115  11:12  Marine x2  
  109  11:25  Marine  
  95  11:26  Marine x4  
  95  11:29  Marine  
  95  11:30  Marine x2  
  94  11:35  Medivac  
  96  11:43  Marine  
  96  11:44  Marine x3  
  100  11:50  Marine x4  
  104  11:56  Medivac  
  104  12:01  Marine x2  
  107  12:02  Marine x2  
  110  12:17  Engineering Bay, Armory  
  110  12:18  Medivac  
  110  12:21  Marine  
  110  12:22  Marine  
  114  12:29  Orbital Command  
  114  12:33  Marine  
  114  12:34  Marine  
  114  12:36  Siege Tank  
  119  12:38  Medivac  
  121  12:44  Marine  
  121  12:45  Marine  
  121  12:48  Marine, Medivac  
  121  12:49  Marine  
  127  12:55  Marine  
  128  13:05  Marine  
  123  13:06  Marine x2  
  123  13:07  Marine x4  
  123  13:08  Siege Tank  
  132  13:13  Marine  
  132  13:22  Marine  
  132  13:24  Marine x2  
  106  13:33  Marine  
  104  13:34  Marine x4  
  104  13:35  Medivac  
  104  13:40  Marine  
  104  13:41  Marine, Siege Tank  
  114  13:42  Marine  
  116  13:51  Marine  
  116  13:52  Marine  
  118  14:16  Marine  
  118  14:17  Marine x3, Siege Tank  
  119  14:20  Marine  
  119  14:21  Marine  
  119  14:22  Medivac x2  
  131  14:26  Marine  
  131  14:27  Marine  
  129  14:34  Marine  
  129  14:38  SCV  
  131  14:42  Marine  
  131  14:43  Marine x4  
  131  14:44  Marine  
  113  14:49  Siege Tank  
  113  14:52  Medivac x2  
  117  14:54  Marine x2  
  119  15:00  Marine  
  119  15:01  Marine x4  
  119  15:02  Marine  
  125  15:11  Marine  
  125  15:12  Marine  
  127  15:18  Marine x3  
  127  15:19  Marine x2  
  127  15:20  Marine  
Tags
 
Add a new tag
Caveats
  • Supply blocks, unpowered buildings, or Contaminate may cause inaccurate times.
  • Supply counts are checked every 10 seconds.